[ AOE2 MATCH · #505986811 ]
UnrankedTupi vs Burgundians
Player's team · WIN
[ REPLAY ANALYSIS · EXTRACTED FROM THE RECORDED GAME ]
Feudal
9:21
Castle
24:41
Imperial
40:42
| APM avg | 49.5 |
| APM peak | 93 |
| eAPM avg | 29.9 |
| Villagers / military | 190 / 43 |
Focus
⚔️ 29.3% · 🌾 70.7%
Unknown (2550) ×37 · Unknown (2579) ×28 · Spearman ×24 · Monk ×7 · Archer ×6 · Mangonel ×3
Feudal
9:41
Castle
26:05
Imperial
—
| APM avg | 83.3 |
| APM peak | 133 |
| eAPM avg | 34.0 |
| Villagers / military | 132 / 122 |
Focus
⚔️ 26.0% · 🌾 74.0%
Skirmisher ×60 · Battering Ram ×20 · Knight ×15 · Flemish Militia ×13 · Coustillier ×12 · Mangonel ×1
Match map
Initial resources + every placement click. Lines = walls · curves = elevation contours. ◆ gold · ⬟ stone · ● berries · ✦ relic · ◌ wall gap
Your base· Open — unwalled flank
nW | KinG-Viza's base· Open — unwalled flank
Smoothed initial terrain · ◌ = detected wall gap · hover for details
Inputs per minute
— dlms9 - - nW | KinG-Viza
Build order — dlms9
First 150 of 318 actions detected
| 0:00 | Queue | Villager (Male) |
| 0:00 | Queue | Villager (Male) |
| 0:01 | Build | House |
| 0:02 | Build | House |
| 0:06 | Queue | Villager (Male) |
| 0:06 | Queue | Villager (Male) |
| 0:07 | Queue | Villager (Male) |
| 1:07 | Queue | Villager (Male) |
| 1:46 | Queue | Villager (Male) |
| 2:01 | Queue | Villager (Male) |
| 2:05 | Build | Settlement |
| 2:31 | Queue | Villager (Male) |
| 2:54 | Queue | Villager (Male) |
| 3:38 | Queue | Villager (Male) |
| 3:38 | Queue | Villager (Male) |
| 4:05 | Queue | Villager (Male) |
| 4:50 | Queue | Villager (Male) |
| 4:51 | Queue | Villager (Male) |
| 4:58 | Queue | Villager (Male) |
| 5:38 | Queue | Villager (Male) |
| 6:32 | Queue | Villager (Male) |
| 7:11 | Research | Feudal Age |
| 7:21 | Build | Barracks |
| 7:52 | Build | Settlement |
| 8:01 | Build | House |
| 8:02 | Build | Palisade Wall |
| 8:05 | Build | Palisade Wall |
| 8:26 | Research | Loom |
| 9:15 | Build | House |
| 9:21 | Age | Feudal Age |
| 9:23 | Build | Archery Range |
| 9:24 | Research | Double-Bit Axe |
| 9:29 | Build | Palisade Wall |
| 9:31 | Research | Gold Mining |
| 9:35 | Research | Horse Collar |
| 9:36 | Queue | Villager (Male) |
| 9:37 | Queue | Villager (Male) |
| 9:45 | Queue | Spearman |
| 9:51 | Build | Palisade Wall |
| 9:56 | Build | Palisade Wall |
| 9:57 | Build | Palisade Wall |
| 9:58 | Queue | Villager (Male) |
| 10:06 | Queue | Archer |
| 10:14 | Build | Watch Tower |
| 10:33 | Queue | Villager (Male) |
| 10:39 | Queue | Archer |
| 11:06 | Queue | Villager (Male) |
| 11:06 | Queue | Villager (Male) |
| 11:08 | Build | House |
| 11:11 | Build | Farm |
| 11:23 | Build | House |
| 12:09 | Queue | Villager (Male) |
| 12:18 | Queue | Archer |
| 12:35 | Build | House |
| 12:37 | Queue | Villager (Male) |
| 12:54 | Queue | Archer |
| 13:01 | Build | Farm |
| 13:04 | Queue | Villager (Male) |
| 13:17 | Build | Palisade Wall |
| 13:18 | Queue | Villager (Male) |
| 13:23 | Queue | Archer |
| 13:23 | Queue | Archer |
| 13:30 | Build | Farm |
| 13:43 | Build | Farm |
| 13:46 | Build | House |
| 13:50 | Queue | Villager (Male) |
| 13:51 | Queue | Villager (Male) |
| 13:51 | Queue | Villager (Male) |
| 13:56 | Build | Palisade Wall |
| 14:11 | Build | Settlement |
| 14:15 | Build | Stone Wall |
| 14:23 | Build | Farm |
| 14:32 | Build | Stone Wall |
| 14:41 | Queue | Villager (Male) |
| 14:44 | Build | Palisade Wall |
| 14:46 | Build | Farm |
| 14:55 | Build | Farm |
| 14:56 | Queue | Villager (Male) |
| 15:17 | Build | Blacksmith |
| 15:18 | Queue | Villager (Male) |
| 15:21 | Build | Farm |
| 15:26 | Build | Stone Wall |
| 15:40 | Queue | Villager (Male) |
| 15:48 | Build | Settlement |
| 15:56 | Build | House |
| 16:02 | Build | Farm |
| 16:06 | Build | Farm |
| 16:06 | Build | Farm |
| 16:12 | Queue | Villager (Male) |
| 16:18 | Build | Farm |
| 16:24 | Research | Fletching |
| 16:29 | Build | Farm |
| 16:37 | Build | Farm |
| 16:42 | Queue | Villager (Male) |
| 16:51 | Build | Stone Wall |
| 16:57 | Queue | Villager (Male) |
| 17:00 | Build | Farm |
| 17:11 | Build | Farm |
| 17:25 | Build | Farm |
| 17:25 | Build | Farm |
| 17:26 | Queue | Villager (Male) |
| 17:50 | Queue | Villager (Male) |
| 17:50 | Queue | Villager (Male) |
| 17:57 | Build | Farm |
| 17:58 | Build | Farm |
| 18:35 | Build | Watch Tower |
| 18:37 | Queue | Villager (Male) |
| 18:45 | Build | Palisade Wall |
| 18:48 | Build | Palisade Wall |
| 19:10 | Queue | Villager (Male) |
| 19:14 | Queue | Villager (Male) |
| 19:16 | Build | Farm |
| 19:16 | Build | Farm |
| 19:16 | Queue | Villager (Male) |
| 19:22 | Queue | Villager (Male) |
| 19:30 | Queue | Villager (Male) |
| 19:32 | Queue | Villager (Male) |
| 19:32 | Queue | Villager (Male) |
| 20:21 | Build | Farm |
| 20:23 | Queue | Villager (Male) |
| 20:37 | Queue | Unit 2550 |
| 20:37 | Queue | Unit 2550 |
| 20:52 | Build | Farm |
| 22:01 | Research | Castle Age |
| 22:31 | Research | Padded Archer Armor |
| 22:42 | Research | Gold Mining |
| 23:44 | Queue | Villager (Male) |
| 24:16 | Build | Stone Wall |
| 24:41 | Age | Castle Age |
| 24:46 | Build | Castle |
| 24:49 | Research | Bodkin Arrow |
| 24:51 | Queue | Villager (Male) |
| 24:53 | Build | University |
| 24:54 | Queue | Villager (Male) |
| 25:00 | Queue | Villager (Male) |
| 25:17 | Queue | Villager (Male) |
| 25:26 | Queue | Villager (Male) |
| 25:33 | Queue | Unit 2579 |
| 25:34 | Queue | Unit 2579 |
| 25:34 | Queue | Unit 2579 |
| 25:37 | Research | Bow Saw |
| 25:41 | Queue | Villager (Male) |
| 25:48 | Queue | Villager (Male) ×4 |
| 25:58 | Queue | Villager (Male) |
| 25:58 | Queue | Villager (Male) |
| 26:14 | Build | Town Center |
| 26:19 | Build | Farm |
| 26:19 | Build | Farm |
| 26:20 | Queue | Villager (Male) |
| 26:23 | Queue | Unit 2579 |
Build order — nW | KinG-Viza
First 150 of 404 actions detected
| 0:01 | Queue | Villager (Male) |
| 0:01 | Queue | Villager (Male) |
| 0:02 | Build | House |
| 0:03 | Build | House |
| 0:04 | Queue | Villager (Male) |
| 0:04 | Queue | Villager (Male) |
| 1:24 | Queue | Villager (Male) |
| 1:46 | Build | Lumber Camp |
| 1:48 | Queue | Villager (Male) |
| 2:10 | Queue | Villager (Male) |
| 2:36 | Build | House |
| 2:41 | Queue | Villager (Male) |
| 2:42 | Queue | Villager (Male) |
| 3:00 | Queue | Villager (Male) |
| 3:27 | Queue | Villager (Male) |
| 3:44 | Queue | Villager (Male) |
| 3:45 | Queue | Villager (Male) |
| 4:22 | Queue | Villager (Male) |
| 4:22 | Queue | Villager (Male) |
| 4:57 | Queue | Villager (Male) |
| 4:57 | Queue | Villager (Male) |
| 5:00 | Queue | Villager (Male) |
| 5:00 | Queue | Villager (Male) |
| 5:04 | Build | Mill |
| 5:30 | Build | House |
| 5:40 | Queue | Villager (Male) |
| 5:40 | Queue | Villager (Male) |
| 5:40 | Queue | Villager (Male) |
| 6:07 | Queue | Villager (Male) |
| 6:07 | Queue | Villager (Male) |
| 6:11 | Queue | Villager (Male) |
| 6:11 | Queue | Villager (Male) |
| 6:11 | Queue | Villager (Male) |
| 6:25 | Research | Loom |
| 7:24 | Research | Feudal Age |
| 8:28 | Build | House |
| 8:35 | Build | Barracks |
| 9:07 | Research | Double-Bit Axe |
| 9:41 | Age | Feudal Age |
| 9:43 | Queue | Flemish Militia |
| 9:43 | Queue | Flemish Militia |
| 9:44 | Build | House |
| 9:55 | Queue | Villager (Male) |
| 9:56 | Queue | Villager (Male) |
| 10:03 | Build | Watch Tower |
| 10:11 | Queue | Flemish Militia |
| 10:17 | Queue | Villager (Male) |
| 10:17 | Queue | Villager (Male) |
| 10:42 | Queue | Flemish Militia |
| 10:42 | Queue | Flemish Militia |
| 11:11 | Queue | Villager (Male) |
| 11:12 | Queue | Villager (Male) |
| 11:34 | Queue | Villager (Male) |
| 11:41 | Build | Farm |
| 11:50 | Build | Archery Range |
| 11:57 | Queue | Flemish Militia |
| 11:59 | Queue | Flemish Militia |
| 12:09 | Build | Farm |
| 12:17 | Build | Farm |
| 12:20 | Build | Farm |
| 12:37 | Queue | Skirmisher |
| 12:37 | Queue | Skirmisher |
| 12:39 | Build | House |
| 12:41 | Queue | Villager (Male) |
| 12:58 | Queue | Skirmisher |
| 13:00 | Queue | Flemish Militia |
| 13:12 | Build | Mining Camp |
| 13:14 | Queue | Skirmisher |
| 13:18 | Queue | Villager (Male) |
| 13:18 | Queue | Villager (Male) |
| 13:22 | Build | Farm |
| 13:38 | Queue | Skirmisher |
| 13:39 | Queue | Flemish Militia |
| 13:49 | Queue | Villager (Male) |
| 13:52 | Build | Blacksmith |
| 14:15 | Queue | Skirmisher |
| 14:24 | Queue | Flemish Militia |
| 14:26 | Queue | Villager (Male) |
| 14:28 | Build | Mining Camp |
| 14:30 | Build | Farm |
| 14:32 | Build | Farm |
| 14:41 | Build | House |
| 15:05 | Build | Mill |
| 15:08 | Build | Farm |
| 15:08 | Queue | Villager (Male) |
| 15:14 | Build | House |
| 15:23 | Build | Watch Tower |
| 15:28 | Queue | Skirmisher |
| 15:31 | Queue | Villager (Male) |
| 15:39 | Build | House |
| 16:11 | Research | Arson |
| 16:11 | Research | Arson |
| 16:17 | Queue | Villager (Male) |
| 16:23 | Build | House |
| 16:31 | Queue | Villager (Male) |
| 16:59 | Queue | Villager (Male) |
| 17:00 | Queue | Villager (Male) |
| 17:05 | Build | Farm |
| 17:10 | Build | Farm |
| 17:20 | Queue | Flemish Militia |
| 17:23 | Research | Fletching |
| 17:23 | Research | Fletching |
| 17:33 | Build | Farm |
| 17:36 | Build | Farm |
| 17:37 | Build | Farm |
| 17:37 | Build | Farm |
| 17:39 | Build | Farm |
| 17:44 | Research | Bow Saw |
| 17:44 | Research | Bow Saw |
| 18:02 | Build | Watch Tower |
| 18:20 | Queue | Villager (Male) |
| 18:24 | Queue | Skirmisher |
| 18:24 | Queue | Skirmisher |
| 18:34 | Queue | Villager (Male) |
| 18:36 | Queue | Villager (Male) |
| 18:48 | Queue | Skirmisher |
| 18:55 | Queue | Villager (Male) |
| 18:57 | Build | Farm |
| 19:00 | Build | Farm |
| 19:00 | Build | Farm |
| 19:17 | Queue | Villager (Male) |
| 19:39 | Queue | Villager (Male) |
| 19:44 | Research | Padded Archer Armor |
| 19:44 | Research | Padded Archer Armor |
| 20:15 | Queue | Villager (Male) |
| 20:19 | Build | Farm |
| 20:21 | Build | Farm |
| 20:22 | Queue | Villager (Male) |
| 20:29 | Build | Farm |
| 20:55 | Build | Lumber Camp |
| 21:02 | Queue | Villager (Male) |
| 22:19 | Queue | Flemish Militia |
| 22:19 | Queue | Villager (Male) |
| 22:24 | Build | Market |
| 22:28 | Build | Farm |
| 23:25 | Research | Castle Age |
| 23:25 | Research | Castle Age |
| 23:40 | Build | Stable |
| 23:42 | Build | Stable |
| 23:44 | Research | Scale Barding Armor |
| 23:49 | Research | Horse Collar |
| 23:49 | Research | Horse Collar |
| 24:16 | Build | House |
| 24:19 | Research | Heavy Plow |
| 24:19 | Research | Heavy Plow |
| 24:40 | Build | Stable |
| 25:53 | Research | Wheelbarrow |
| 25:53 | Research | Wheelbarrow |
| 26:05 | Age | Castle Age |
| 26:08 | Research | Elite Skirmisher (upgrade) |
Match timeline
| 7:21 | dlms9 · first_building Barracks |
| 8:02 | dlms9 · wall_segment Palisade Wall x9 |
| 8:05 | dlms9 · wall_segment Palisade Wall x4 |
| 8:35 | nW | KinG-Viza · first_building Barracks |
| 9:21 | dlms9 · age_up feudal |
| 9:23 | dlms9 · first_building Archery Range |
| 9:29 | dlms9 · wall_segment Palisade Wall x3 |
| 9:41 | nW | KinG-Viza · age_up feudal |
| 9:51 | dlms9 · wall_segment Palisade Wall x7 |
| 9:56 | dlms9 · wall_segment Palisade Wall x1 |
| 9:57 | dlms9 · wall_segment Palisade Wall x1 |
| 11:50 | nW | KinG-Viza · first_building Archery Range |
| 13:17 | dlms9 · wall_segment Palisade Wall x1 |
| 13:56 | dlms9 · wall_segment Palisade Wall x5 |
| 14:15 | dlms9 · wall_segment Stone Wall x1 |
| 14:32 | dlms9 · wall_segment Stone Wall x1 |
| 14:44 | dlms9 · wall_segment Palisade Wall x1 |
| 15:26 | dlms9 · wall_segment Stone Wall x4 |
| 16:51 | dlms9 · wall_segment Stone Wall x6 |
| 18:45 | dlms9 · wall_segment Palisade Wall x1 |
| 18:48 | dlms9 · wall_segment Palisade Wall x1 |
| 23:17 | nW | KinG-Viza · first_market_buy 100 food |
| 23:40 | nW | KinG-Viza · first_building Stable |
| 24:16 | dlms9 · wall_segment Stone Wall x10 |
| 24:41 | dlms9 · age_up castle |
| 24:46 | dlms9 · first_building Castle |
| 26:05 | nW | KinG-Viza · age_up castle |
| 27:35 | dlms9 · first_building Monastery |
| 28:06 | dlms9 · first_building Siege Workshop |
| 29:47 | nW | KinG-Viza · first_building Siege Workshop |
| 35:21 | dlms9 · first_market_buy 100 wood |
| 37:10 | nW | KinG-Viza · first_building Castle |
| 40:42 | dlms9 · age_up imperial |
| 45:21 | nW | KinG-Viza · resign |
[ AI ANALYSIS · 1 CREDIT ]
What really happened in this match?
Wolo.gg analyzes every decision: build order, eco, micro, common mistakes by bracket. Personalized analysis on WhatsApp or Discord in 30 seconds.
Civ guide
Tupi
Perfil
Jugador #4437805